Tampa Bay Lightning vs Colorado Rockies
Created - Saturday, February 21, 2026 at 07:51
Goals
|
| Tampa Bay Lightning |
0 |
1 |
2 |
3 |
| Colorado Rockies |
1 |
3 |
2 |
6 |
|
Shots
|
| Tampa Bay Lightning |
11 |
11 |
11 |
33 |
| Colorado Rockies |
14 |
14 |
9 |
37 |
|
1st period
1. Colorado Rockies , Kyle Connor 10 (Tim Stutzle 13) at 16:08 (PP)
Penalties :
Ben Chiarot (TBL) for Tripping (Minor) at 16:07
2nd period
2. Tampa Bay Lightning , Jamie Benn 7 (Kirill Kaprizov 11) at 1:50
3. Colorado Rockies , Kevin Hayes 3 (Kyle Connor 10) at 1:54
4. Colorado Rockies , Philipp Kurashev 4 (Tim Stutzle 14, Michael Bunting 3) at 4:48
5. Colorado Rockies , Pavel Dorofeyev 6 (Nick Schmaltz 15, Elias Pettersson 18) at 11:30
Penalties :
Dylan Cozens (TBL) for Close Hand On Puck (Minor) at 5:38
3rd period
6. Colorado Rockies , Jesper Bratt 8 (Tim Stutzle 15, Martin Fehervary 2) at 0:56
7. Tampa Bay Lightning , Roope Hintz 16 (Darnell Nurse 14) at 7:41
8. Colorado Rockies , Pavel Dorofeyev 7 (Nick Schmaltz 16, Elias Pettersson 19) at 9:53
9. Tampa Bay Lightning , Jason Dickinson 1 (Kirill Kaprizov 12, Moritz Seider 13) at 17:54 (SH)
Penalties :
Ben Chiarot (TBL) for Tripping (Minor) at 5:32, Jamie Benn (TBL) for Delaying the game (Minor) at 16:22
Goalie Stats
Jeremy Swayman (TBL), 31 saves from 37 shots - (0.838), L, 2-3-1, 60:00 minutes
Joey Daccord (COL), 30 saves from 33 shots - (0.909), W, 4-10-2, 60:00 minutes
Players Stats for Tampa Bay Lightning
Player Name G A P +/- PIM S H SB GA TA FO MP PP MP PK MP
------------------------------------------------------------------------------------
Anze Kopitar 0 0 0 0 0 2 3 0 0 1 8/15 18:06 0:00 2:53
Ben Chiarot 0 0 0 -1 4 0 3 0 0 0 0/0 23:23 0:00 2:07
Claude Giroux 0 0 0 0 0 4 1 1 2 0 6/10 18:48 0:00 2:56
Darnell Nurse 0 1 1 0 0 2 0 1 0 1 0/0 23:54 0:00 2:48
Dylan Cozens 0 0 0 -2 2 0 0 0 0 0 0/0 15:23 0:00 0:00
Filip Forsberg 0 0 0 -2 0 4 1 0 0 0 0/0 15:20 0:00 0:00
Hampus Lindholm 0 0 0 -1 0 0 0 1 0 0 0/0 14:23 0:00 3:10
Jamie Benn 1 0 1 0 2 2 1 0 0 1 8/20 17:44 0:00 1:56
Jason Dickinson 1 0 1 0 0 1 0 0 0 0 3/3 9:03 0:00 0:50
Jonathan Huberdeau 0 0 0 0 0 3 0 0 0 0 0/1 14:54 0:00 0:00
Justin Brazeau 0 0 0 -1 0 2 0 0 0 0 0/0 7:59 0:00 0:00
Kirill Kaprizov 0 2 2 1 0 3 1 0 0 0 0/2 16:17 0:00 0:25
Michael Matheson 0 0 0 0 0 2 0 0 0 0 0/0 21:10 0:00 0:00
Moritz Seider 0 1 1 0 0 1 3 2 0 1 0/0 24:32 0:00 3:10
Roope Hintz 1 0 1 -2 0 5 0 0 0 0 6/12 15:20 0:00 0:00
Travis Konecny 0 0 0 0 0 1 1 1 0 0 0/0 14:54 0:00 0:00
Trevor Moore 0 0 0 -1 0 1 2 0 2 0 0/0 10:55 0:00 2:56
Vincent Desharnais 0 0 0 -2 0 0 0 1 0 0 0/0 11:53 0:00 0:41
Players Stats for Colorado Rockies
Player Name G A P +/- PIM S H SB GA TA FO MP PP MP PK MP
------------------------------------------------------------------------------------
Andrew Peeke 0 0 0 -1 0 2 2 0 0 0 0/0 21:22 3:06 0:00
Cam Fowler 0 0 0 2 0 0 0 2 0 0 0/0 20:31 2:52 0:00
Casey Cizikas 0 0 0 0 0 0 1 0 0 0 5/11 13:53 0:00 0:00
Danton Heinen 0 0 0 0 0 1 1 0 0 0 0/1 13:46 0:00 0:00
Darren Raddysh 0 0 0 0 0 3 3 1 0 0 0/0 19:49 2:52 0:00
David Pastrnak 0 0 0 0 0 1 0 0 1 0 0/1 16:49 2:58 0:00
Elias Pettersson 0 2 2 1 0 3 1 0 0 0 6/13 16:25 3:00 0:00
Jesper Bratt 1 0 1 1 0 5 1 0 0 0 0/0 16:33 3:00 0:00
Kevin Hayes 1 0 1 -1 0 1 1 0 0 0 10/16 13:40 0:00 0:00
Kyle Connor 1 1 2 -1 0 3 0 1 1 0 1/2 16:32 2:58 0:00
Martin Fehervary 0 1 1 1 0 0 0 2 0 0 0/0 17:35 0:00 0:00
Michael Bunting 0 1 1 -1 0 1 2 1 0 0 1/1 13:29 0:00 0:00
Nick Schmaltz 0 2 2 1 0 5 2 0 0 0 0/0 16:25 3:00 0:00
Pavel Dorofeyev 2 0 2 2 0 4 2 1 0 0 0/1 13:09 0:00 0:00
Philipp Kurashev 1 0 1 2 0 1 0 1 0 0 0/0 13:17 0:00 0:00
Quinn Hughes 0 0 0 2 0 1 0 3 1 2 0/0 22:05 3:06 0:00
Tim Stutzle 0 3 3 2 0 5 0 0 0 0 9/17 16:34 2:58 0:00
Vince Dunn 0 0 0 0 0 1 0 3 1 2 0/0 18:06 0:00 0:00
3 Stars
1 - Pavel Dorofeyev (COL)
2 - Tim Stutzle (COL)
3 - Philipp Kurashev (COL)
Power Play
Tampa Bay Lightning - 0 on 0 Attempt(s) - 0.00%
Colorado Rockies - 1 on 4 Attempt(s) - 25.00%
Penalty Kill
Tampa Bay Lightning - 3 on 4 Attempt(s) - 75.00%
- Score 1 goal in Penalty Kill
Colorado Rockies - 0 on 0 Attempt(s) - 0.00%
- Score 0 goal in Penalty Kill
Team Stat
Tampa Bay Lightning - Hits : 16 - Faceoff Wins : 31 - Blocked Shots : 7 - Penalty Minutes : 8
Colorado Rockies - Hits : 16 - Faceoff Wins : 32 - Blocked Shots : 15 - Penalty Minutes : 0
Official
Referees : Kendrick Nicholson and Conor O'Donnell
Linesman : Kiel Murchison and Shandor Alphonso
Game Notes
No Game Note
Finance
Level 1 -- Attendance: 5606 (93.43%) -- Ticket Income $504,540
Level 2 -- Attendance: 5000 (100.00%) -- Ticket Income $275,000
Level 3 -- Attendance: 2061 (68.70%) -- Ticket Income $72,135
Level 4 -- Attendance: 3792 (75.84%) -- Ticket Income $94,800
Luxury Box -- Attendance: 890 (89.00%) -- Ticket Income $155,750
Game was played at the Pepsi Center.
Total Attendance: 17349 (86.75%)
Total Ticket Income: $1,102,225
Other Income: $385,779
Total Income: $1,488,004
Tampa Bay Lightning
5 vs 5 Forward
Center Left Wing Right Wing Time % Phy DF OF
1 Roope Hintz Filip Forsberg Dylan Cozens 30 1 2 2
2 Anze Kopitar Jonathan Huberdeau Travis Konecny 30 1 2 2
3 Jamie Benn Kirill Kaprizov Claude Giroux 30 1 2 2
4 Jason Dickinson Trevor Moore Justin Brazeau 10 1 2 2
5 vs 5 Defense
Defense Defense Time % Phy DF OF
1 Michael Matheson Darnell Nurse 40 1 2 2
2 Moritz Seider Ben Chiarot 40 1 2 2
3 Hampus Lindholm Vincent Desharnais 20 1 2 2
4 Moritz Seider Michael Matheson 0 1 2 2
PowerPlay Forward
Center Left Wing Right Wing Time % Phy DF OF
1 Roope Hintz Jonathan Huberdeau Travis Konecny 50 1 2 2
2 Anze Kopitar Filip Forsberg Claude Giroux 50 1 2 2
PowerPlay Defense
Defense Defense Time % Phy DF OF
1 Moritz Seider Michael Matheson 50 1 2 2
2 Darnell Nurse Ben Chiarot 50 1 2 2
Penalty Kill 4 Players Forward
Center Wing Time % Phy DF OF
1 Anze Kopitar Jamie Benn 50 1 2 2
2 Claude Giroux Trevor Moore 50 1 2 2
Penalty Kill 4 Players Defense
Defense Defense Time % Phy DF OF
1 Moritz Seider Hampus Lindholm 50 1 2 2
2 Darnell Nurse Ben Chiarot 50 1 2 2
Penalty Kill - 3 Players Forward
Forward Time % Phy DF OF
1 Claude Giroux 50 1 2 2
2 Jason Dickinson 50 1 2 2
Penalty Kill - 3 Players Defense
Defense Defense Time % Phy DF OF
1 Moritz Seider Hampus Lindholm 50 1 2 2
2 Darnell Nurse Ben Chiarot 50 1 2 2
4 vs 4 Forward
Center Wing Time % Phy DF OF
1 Anze Kopitar Claude Giroux 50 1 2 2
2 Roope Hintz Filip Forsberg 50 1 2 2
4 vs 4 Defense
Defense Defense Time % Phy DF OF
1 Moritz Seider Michael Matheson 50 1 2 2
2 Darnell Nurse Ben Chiarot 50 1 2 2
Last Minutes Offensive
Center Left Wing Right Wing Defense Defense
Roope Hintz Filip Forsberg Claude Giroux Moritz Seider Michael Matheson
Last Minutes Defensive
Center Left Wing Right Wing Defense Defense
Claude Giroux Trevor Moore Jason Dickinson Moritz Seider Michael Matheson
Goaltenders
Starting : Jeremy Swayman
Backup : Darcy Kuemper
Extra Forwards
Normal : Justin Brazeau, Claude Giroux, Jonathan Huberdeau - PP : Justin Brazeau, Dylan Cozens - PK : Jason Dickinson
Extra Defensemen
Normal : Darnell Nurse, Moritz Seider, Hampus Lindholm - PP : Hampus Lindholm - PK : Vincent Desharnais, Hampus Lindholm
Penalty Shots
Trevor Moore, Anze Kopitar, Filip Forsberg, Jamie Benn, Jonathan Huberdeau
Scratches
None
Colorado Rockies
5 vs 5 Forward
Center Left Wing Right Wing Time % Phy DF OF
1 Elias Pettersson Nick Schmaltz Pavel Dorofeyev 25 3 1 1
2 Tim Stutzle Jesper Bratt Philipp Kurashev 25 1 3 1
3 Kevin Hayes Kyle Connor Michael Bunting 25 1 3 1
4 Casey Cizikas Danton Heinen David Pastrnak 25 1 3 1
5 vs 5 Defense
Defense Defense Time % Phy DF OF
1 Martin Fehervary Darren Raddysh 33 1 2 2
2 Cam Fowler Quinn Hughes 33 1 2 2
3 Vince Dunn Andrew Peeke 33 1 2 2
4 Martin Fehervary Quinn Hughes 1 1 2 2
PowerPlay Forward
Center Left Wing Right Wing Time % Phy DF OF
1 Tim Stutzle Kyle Connor David Pastrnak 50 0 1 4
2 Elias Pettersson Jesper Bratt Nick Schmaltz 50 1 2 2
PowerPlay Defense
Defense Defense Time % Phy DF OF
1 Andrew Peeke Quinn Hughes 50 1 2 2
2 Cam Fowler Darren Raddysh 50 1 2 2
Penalty Kill 4 Players Forward
Center Wing Time % Phy DF OF
1 Nick Schmaltz Jesper Bratt 50 1 2 2
2 Casey Cizikas Elias Pettersson 50 1 2 2
Penalty Kill 4 Players Defense
Defense Defense Time % Phy DF OF
1 Vince Dunn Darren Raddysh 50 1 2 2
2 Cam Fowler Andrew Peeke 50 1 2 2
Penalty Kill - 3 Players Forward
Forward Time % Phy DF OF
1 Tim Stutzle 50 1 2 2
2 Casey Cizikas 50 1 2 2
Penalty Kill - 3 Players Defense
Defense Defense Time % Phy DF OF
1 Vince Dunn Darren Raddysh 50 1 2 2
2 Cam Fowler Andrew Peeke 50 1 2 2
4 vs 4 Forward
Center Wing Time % Phy DF OF
1 Tim Stutzle David Pastrnak 50 1 2 2
2 Elias Pettersson Kyle Connor 50 1 2 2
4 vs 4 Defense
Defense Defense Time % Phy DF OF
1 Martin Fehervary Quinn Hughes 50 1 2 2
2 Cam Fowler Andrew Peeke 50 1 2 2
Last Minutes Offensive
Center Left Wing Right Wing Defense Defense
Tim Stutzle Kyle Connor David Pastrnak Martin Fehervary Darren Raddysh
Last Minutes Defensive
Center Left Wing Right Wing Defense Defense
Tim Stutzle Kyle Connor David Pastrnak Martin Fehervary Darren Raddysh
Goaltenders
Starting : Joey Daccord
Backup : Daniil Tarasov
Extra Forwards
Normal : Pavel Dorofeyev, Michael Bunting, Kevin Hayes - PP : Pavel Dorofeyev, Michael Bunting - PK : Kevin Hayes
Extra Defensemen
Normal : Vince Dunn, Darren Raddysh, Cam Fowler - PP : Vince Dunn - PK : Darren Raddysh, Cam Fowler
Penalty Shots
Tim Stutzle, David Pastrnak, Kyle Connor, Elias Pettersson, Jesper Bratt
Scratches
None
% Time on Ice - Tampa Bay Lightning
Lines # - Real PCT - Wanted PCT - Time Play
Normal Forward
1 - 29% - 30% - 15:39
2 - 28% - 30% - 14:54
3 - 29% - 30% - 15:30
4 - 15% - 10% - 7:59
Normal Defense
1 - 39% - 40% - 20:55
2 - 39% - 40% - 21:17
3 - 21% - 20% - 11:12
4 - 1% - 0% - 0:38
PP Forward
1 - 0% - 50%
2 - 0% - 50%
PP Defense
1 - 0% - 50%
2 - 0% - 50%
PK Forward
1 - 51% - 50% - 3:02
2 - 49% - 50% - 2:56
PK Defense
1 - 53% - 50% - 3:10
2 - 47% - 50% - 2:48
PK3 Forward
1 - 0% - 50%
2 - 0% - 50%
PK3 Defense
1 - 0% - 50%
2 - 0% - 50%
44 Forward
1 - 0% - 50%
2 - 0% - 50%
44 Defense
1 - 0% - 50%
2 - 0% - 50%
Last Minute Offensive - 0:00
Last Minute Defensive - 0:00
Total
Forward - 60:00
Defense - 60:00
|
% Time on Ice - Colorado Rockies
Lines # - Real PCT - Wanted PCT - Time Play
Normal Forward
1 - 24% - 25% - 13:14
2 - 25% - 25% - 13:33
3 - 25% - 25% - 13:29
4 - 25% - 25% - 13:46
Normal Defense
1 - 32% - 33% - 17:25
2 - 33% - 33% - 17:39
3 - 33% - 33% - 18:06
4 - 2% - 1% - 0:52
PP Forward
1 - 50% - 50% - 2:58
2 - 50% - 50% - 3:00
PP Defense
1 - 52% - 50% - 3:06
2 - 48% - 50% - 2:52
PK Forward
1 - 0% - 50%
2 - 0% - 50%
PK Defense
1 - 0% - 50%
2 - 0% - 50%
PK3 Forward
1 - 0% - 50%
2 - 0% - 50%
PK3 Defense
1 - 0% - 50%
2 - 0% - 50%
44 Forward
1 - 0% - 50%
2 - 0% - 50%
44 Defense
1 - 0% - 50%
2 - 0% - 50%
Last Minute Offensive - 0:00
Last Minute Defensive - 0:00
Total
Forward - 60:00
Defense - 60:00
|
Play-by-Play
1st period
0:01 of 1st period - Elias Pettersson wins face-off versus Roope Hintz in neutral zone.
0:30 of 1st period - Wrist shot by Jesper Bratt.
0:30 of 1st period - Shot Misses the Net.
0:32 of 1st period - Slapshot by Tim Stutzle.
0:32 of 1st period - Shot Misses the Net.
0:34 of 1st period - Wrist shot by Philipp Kurashev.
0:34 of 1st period - Shot Misses the Net.
1:16 of 1st period - Slapshot by Justin Brazeau.
1:16 of 1st period - Stopped by Joey Daccord with a rebound.
1:18 of 1st period - Snap shot by Jason Dickinson.
1:18 of 1st period - Shot Hit the Post.
1:20 of 1st period - Slapshot by Jason Dickinson.
1:20 of 1st period - Shot Misses the Net.
1:32 of 1st period - Roope Hintz is hit by Pavel Dorofeyev and loses puck.
1:58 of 1st period - Icing by Vincent Desharnais.
1:59 of 1st period - Casey Cizikas wins face-off versus Anze Kopitar in Tampa Bay Lightning zone.
2:00 of 1st period - Wrist shot by David Pastrnak.
2:00 of 1st period - Stopped by Jeremy Swayman without a rebound.
2:01 of 1st period - Casey Cizikas wins face-off versus Claude Giroux in Tampa Bay Lightning zone.
2:10 of 1st period - Wrist shot by Quinn Hughes.
2:10 of 1st period - Shot Blocked by Moritz Seider.
2:16 of 1st period - Snap shot by David Pastrnak.
2:16 of 1st period - Shot Blocked by Claude Giroux.
2:36 of 1st period - Wrist shot by Kyle Connor.
2:36 of 1st period - Stopped by Jeremy Swayman without a rebound.
2:37 of 1st period - Michael Bunting wins face-off versus Roope Hintz in Tampa Bay Lightning zone.
2:40 of 1st period - Slapshot by Kyle Connor.
2:40 of 1st period - Stopped by Jeremy Swayman with a rebound.
3:02 of 1st period - Slapshot by Filip Forsberg.
3:02 of 1st period - Stopped by Joey Daccord without a rebound.
3:03 of 1st period - Anze Kopitar wins face-off versus Tim Stutzle in Colorado Rockies zone.
3:04 of 1st period - Snap shot by Travis Konecny.
3:04 of 1st period - Shot Misses the Net.
3:10 of 1st period - Snap shot by Jonathan Huberdeau.
3:10 of 1st period - Stopped by Joey Daccord with a rebound.
3:34 of 1st period - Wrist shot by David Pastrnak.
3:34 of 1st period - Shot Misses the Net.
3:48 of 1st period - Snap shot by Travis Konecny.
3:48 of 1st period - Shot Misses the Net.
3:58 of 1st period - Wrist shot by Anze Kopitar.
3:58 of 1st period - Shot Blocked by Cam Fowler.
4:08 of 1st period - Snap shot by Travis Konecny.
4:08 of 1st period - Stopped by Joey Daccord with a rebound.
4:10 of 1st period - Wrist shot by Michael Matheson.
4:10 of 1st period - Shot Blocked by Cam Fowler.
4:20 of 1st period - Snap shot by Travis Konecny.
4:20 of 1st period - Shot Misses the Net.
4:58 of 1st period - Wrist shot by Jonathan Huberdeau.
4:58 of 1st period - Stopped by Joey Daccord with a rebound.
5:00 of 1st period - Slapshot by Michael Matheson.
5:00 of 1st period - Shot Misses the Net.
5:02 of 1st period - Snap shot by Travis Konecny.
5:02 of 1st period - Deflect By Casey Cizikas.
5:02 of 1st period - Shot Blocked by Quinn Hughes.
5:02 of 1st period - Puck is out of play.
5:03 of 1st period - Elias Pettersson wins face-off versus Jamie Benn in Colorado Rockies zone.
5:08 of 1st period - Snap shot by Kirill Kaprizov.
5:08 of 1st period - Stopped by Joey Daccord without a rebound.
5:09 of 1st period - Jamie Benn wins face-off versus Elias Pettersson in Colorado Rockies zone.
5:21 of 1st period - Icing by Martin Fehervary.
5:22 of 1st period - Elias Pettersson wins face-off versus Jamie Benn in Colorado Rockies zone.
5:33 of 1st period - Wrist shot by Elias Pettersson.
5:33 of 1st period - Shot Misses the Net.
5:35 of 1st period - Snap shot by Nick Schmaltz.
5:35 of 1st period - Stopped by Jeremy Swayman with a rebound.
5:37 of 1st period - Slapshot by Darren Raddysh.
5:37 of 1st period - Stopped by Jeremy Swayman with a rebound.
5:39 of 1st period - Slapshot by Darren Raddysh.
5:39 of 1st period - Stopped by Jeremy Swayman without a rebound.
5:40 of 1st period - Roope Hintz wins face-off versus Kevin Hayes in Tampa Bay Lightning zone.
6:52 of 1st period - Slapshot by Darren Raddysh.
6:52 of 1st period - Stopped by Jeremy Swayman with a rebound.
7:57 of 1st period - Snap shot by Roope Hintz.
7:57 of 1st period - Deflect By Filip Forsberg.
7:57 of 1st period - Stopped by Joey Daccord with a rebound.
8:06 of 1st period - Off-side.
8:07 of 1st period - Jamie Benn wins face-off versus Danton Heinen in neutral zone.
10:02 of 1st period - Off-side.
10:03 of 1st period - Kevin Hayes wins face-off versus Roope Hintz in neutral zone.
11:04 of 1st period - Snap shot by Pavel Dorofeyev.
11:04 of 1st period - Shot Misses the Net.
11:28 of 1st period - Andrew Peeke is hit by Filip Forsberg and loses puck.
11:41 of 1st period - Wrist shot by Filip Forsberg.
11:41 of 1st period - Stopped by Joey Daccord with a rebound.
12:15 of 1st period - Snap shot by Nick Schmaltz.
12:15 of 1st period - Stopped by Jeremy Swayman with a rebound.
12:17 of 1st period - Slapshot by Andrew Peeke.
12:17 of 1st period - Shot Misses the Net.
12:19 of 1st period - Slapshot by Elias Pettersson.
12:19 of 1st period - Shot Misses the Net.
12:21 of 1st period - Snap shot by Andrew Peeke.
12:21 of 1st period - Shot Blocked by Vincent Desharnais.
12:23 of 1st period - Snap shot by Andrew Peeke.
12:23 of 1st period - Stopped by Jeremy Swayman with a rebound.
12:25 of 1st period - Wrist shot by Elias Pettersson.
12:25 of 1st period - Shot Misses the Net.
12:36 of 1st period - Snap shot by Elias Pettersson.
12:36 of 1st period - Stopped by Jeremy Swayman with a rebound.
12:38 of 1st period - Slapshot by Vince Dunn.
12:38 of 1st period - Deflect By Pavel Dorofeyev.
12:38 of 1st period - Shot Misses the Net.
12:38 of 1st period - Puck is out of play.
12:39 of 1st period - Tim Stutzle wins face-off versus Claude Giroux in Tampa Bay Lightning zone.
12:40 of 1st period - Snap shot by Jesper Bratt.
12:40 of 1st period - Stopped by Jeremy Swayman with a rebound.
13:05 of 1st period - Travis Konecny is hit by Michael Bunting and loses puck.
13:29 of 1st period - Casey Cizikas is hit by Trevor Moore and loses puck.
13:54 of 1st period - Tim Stutzle is hit by Jamie Benn and loses puck.
14:09 of 1st period - Cam Fowler is hit by Anze Kopitar.
15:15 of 1st period - Casey Cizikas is hit by Anze Kopitar and loses puck.
15:37 of 1st period - Jonathan Huberdeau is hit by Kevin Hayes.
15:38 of 1st period - Icing by Jonathan Huberdeau.
15:39 of 1st period - Claude Giroux wins face-off versus Kevin Hayes in Tampa Bay Lightning zone.
15:54 of 1st period - Andrew Peeke is hit by Moritz Seider and loses puck.
16:07 of 1st period - Minor Penalty to Ben Chiarot for Tripping.
16:08 of 1st period - Tim Stutzle wins face-off versus Anze Kopitar in Tampa Bay Lightning zone.
16:08 of 1st period - Snap shot by Kyle Connor.
16:08 of 1st period - Goal by Kyle Connor - Tampa Bay Lightning : 0 - Colorado Rockies : 1.
16:09 of 1st period - Claude Giroux wins face-off versus Tim Stutzle in neutral zone.
16:45 of 1st period - Wrist shot by Travis Konecny.
16:45 of 1st period - Shot Blocked by Quinn Hughes.
17:21 of 1st period - Backhand shot by Trevor Moore.
17:21 of 1st period - Shot Misses the Net.
17:31 of 1st period - Icing by Casey Cizikas.
17:32 of 1st period - Casey Cizikas wins face-off versus Jamie Benn in Colorado Rockies zone.
17:39 of 1st period - Wrist shot by David Pastrnak.
17:39 of 1st period - Shot Misses the Net.
17:49 of 1st period - Slapshot by Claude Giroux.
17:49 of 1st period - Stopped by Joey Daccord with a rebound.
18:05 of 1st period - Wrist shot by Jonathan Huberdeau.
18:05 of 1st period - Shot Misses the Net.
18:07 of 1st period - Wrist shot by Anze Kopitar.
18:07 of 1st period - Stopped by Joey Daccord without a rebound.
18:08 of 1st period - Tim Stutzle wins face-off versus Roope Hintz in Colorado Rockies zone.
18:13 of 1st period - Slapshot by Jesper Bratt.
18:13 of 1st period - Deflect By Tim Stutzle.
18:13 of 1st period - Stopped by Jeremy Swayman without a rebound.
18:14 of 1st period - Roope Hintz wins face-off versus Tim Stutzle in Tampa Bay Lightning zone.
18:27 of 1st period - Snap shot by Roope Hintz.
18:27 of 1st period - Stopped by Joey Daccord without a rebound.
18:28 of 1st period - Kevin Hayes wins face-off versus Jamie Benn in Colorado Rockies zone.
18:28 of 1st period - Michael Bunting is hit by Ben Chiarot and loses puck.
19:18 of 1st period - Roope Hintz is hit by Elias Pettersson and loses puck.
19:37 of 1st period - Slapshot by Quinn Hughes.
19:37 of 1st period - Stopped by Jeremy Swayman without a rebound.
19:38 of 1st period - Jason Dickinson wins face-off versus Casey Cizikas in Tampa Bay Lightning zone.
Goals for this period are 0 for Tampa Bay Lightning vs 1 for Colorado Rockies.
Shots for this period are 11 for Tampa Bay Lightning vs 14 for Colorado Rockies.
2nd period
0:01 of 2nd period - Kevin Hayes wins face-off versus Jamie Benn in neutral zone.
0:04 of 2nd period - Moritz Seider is hit by Michael Bunting and loses puck.
0:14 of 2nd period - Ben Chiarot is hit by Andrew Peeke and loses puck.
0:33 of 2nd period - Slapshot by Jesper Bratt.
0:33 of 2nd period - Stopped by Jeremy Swayman with a rebound.
0:35 of 2nd period - Snap shot by Vince Dunn.
0:35 of 2nd period - Shot Misses the Net.
0:49 of 2nd period - Darren Raddysh is hit by Ben Chiarot and loses puck.
1:40 of 2nd period - Snap shot by Tim Stutzle.
1:40 of 2nd period - Stopped by Jeremy Swayman without a rebound.
1:41 of 2nd period - Jamie Benn wins face-off versus Kevin Hayes in Tampa Bay Lightning zone.
1:50 of 2nd period - Wrist shot by Jamie Benn.
1:50 of 2nd period - Goal by Jamie Benn - Tampa Bay Lightning : 1 - Colorado Rockies : 1.
1:51 of 2nd period - Kevin Hayes wins face-off versus Jamie Benn in neutral zone.
1:54 of 2nd period - Snap shot by Kevin Hayes.
1:54 of 2nd period - Goal by Kevin Hayes - Tampa Bay Lightning : 1 - Colorado Rockies : 2.
1:55 of 2nd period - Kevin Hayes wins face-off versus Jamie Benn in neutral zone.
2:12 of 2nd period - Kyle Connor is hit by Claude Giroux and loses puck.
3:03 of 2nd period - Filip Forsberg is hit by Danton Heinen and loses puck.
3:10 of 2nd period - Slapshot by Darnell Nurse.
3:10 of 2nd period - Stopped by Joey Daccord without a rebound.
3:11 of 2nd period - Kyle Connor wins face-off versus Jamie Benn in Colorado Rockies zone.
4:26 of 2nd period - Wrist shot by Dylan Cozens.
4:26 of 2nd period - Shot Misses the Net.
4:42 of 2nd period - Wrist shot by Tim Stutzle.
4:42 of 2nd period - Stopped by Jeremy Swayman with a rebound.
4:46 of 2nd period - Wrist shot by Tim Stutzle.
4:46 of 2nd period - Stopped by Jeremy Swayman with a rebound.
4:48 of 2nd period - Snap shot by Philipp Kurashev.
4:48 of 2nd period - Goal by Philipp Kurashev - Tampa Bay Lightning : 1 - Colorado Rockies : 3.
4:49 of 2nd period - Kevin Hayes wins face-off versus Jonathan Huberdeau in neutral zone.
4:56 of 2nd period - Wrist shot by Michael Bunting.
4:56 of 2nd period - Shot Misses the Net.
5:38 of 2nd period - Minor Penalty to Dylan Cozens for Close Hand On Puck.
5:39 of 2nd period - Claude Giroux wins face-off versus Elias Pettersson in Tampa Bay Lightning zone.
6:34 of 2nd period - Claude Giroux is hit by Darren Raddysh.
6:45 of 2nd period - Icing by Quinn Hughes.
6:46 of 2nd period - Anze Kopitar wins face-off versus Elias Pettersson in Colorado Rockies zone.
7:38 of 2nd period - Penalty to Dylan Cozens is over, Dylan Cozens is back on ice.
7:51 of 2nd period - Wrist shot by Dylan Cozens.
7:51 of 2nd period - Deflect By Roope Hintz.
7:51 of 2nd period - Stopped by Joey Daccord without a rebound.
7:52 of 2nd period - Casey Cizikas wins face-off versus Roope Hintz in Colorado Rockies zone.
7:59 of 2nd period - Snap shot by Danton Heinen.
7:59 of 2nd period - Stopped by Jeremy Swayman without a rebound.
8:00 of 2nd period - Anze Kopitar wins face-off versus Casey Cizikas in Tampa Bay Lightning zone.
8:38 of 2nd period - Snap shot by Kirill Kaprizov.
8:38 of 2nd period - Shot Misses the Net.
8:40 of 2nd period - Slapshot by Claude Giroux.
8:40 of 2nd period - Shot Blocked by Michael Bunting.
8:56 of 2nd period - Wrist shot by Jesper Bratt.
8:56 of 2nd period - Stopped by Jeremy Swayman with a rebound.
9:54 of 2nd period - Snap shot by Jamie Benn.
9:54 of 2nd period - Shot Hit the Post.
9:56 of 2nd period - Wrist shot by Claude Giroux.
9:56 of 2nd period - Deflect By Kyle Connor.
9:56 of 2nd period - Shot Misses the Net.
9:56 of 2nd period - Puck is out of play.
9:57 of 2nd period - Jamie Benn wins face-off versus Tim Stutzle in Colorado Rockies zone.
11:11 of 2nd period - Snap shot by Filip Forsberg.
11:11 of 2nd period - Stopped by Joey Daccord without a rebound.
11:12 of 2nd period - Roope Hintz wins face-off versus Elias Pettersson in Colorado Rockies zone.
11:26 of 2nd period - Snap shot by Nick Schmaltz.
11:26 of 2nd period - Stopped by Jeremy Swayman with a rebound.
11:28 of 2nd period - Snap shot by Pavel Dorofeyev.
11:28 of 2nd period - Shot Misses the Net.
11:30 of 2nd period - Slapshot by Pavel Dorofeyev.
11:30 of 2nd period - Goal by Pavel Dorofeyev - Tampa Bay Lightning : 1 - Colorado Rockies : 4.
11:31 of 2nd period - Tim Stutzle wins face-off versus Kirill Kaprizov in neutral zone.
11:44 of 2nd period - Wrist shot by Claude Giroux.
11:44 of 2nd period - Stopped by Joey Daccord with a rebound.
11:58 of 2nd period - Anze Kopitar is hit by Pavel Dorofeyev.
12:23 of 2nd period - Kyle Connor is hit by Moritz Seider and loses puck.
12:28 of 2nd period - Slapshot by Roope Hintz.
12:28 of 2nd period - Stopped by Joey Daccord with a rebound.
14:19 of 2nd period - Jamie Benn is hit by Darren Raddysh and loses puck.
14:26 of 2nd period - Jamie Benn is hit by Darren Raddysh and loses puck.
14:45 of 2nd period - Snap shot by Nick Schmaltz.
14:45 of 2nd period - Stopped by Jeremy Swayman without a rebound.
14:46 of 2nd period - Elias Pettersson wins face-off versus Anze Kopitar in Tampa Bay Lightning zone.
15:09 of 2nd period - Wrist shot by Pavel Dorofeyev.
15:09 of 2nd period - Stopped by Jeremy Swayman with a rebound.
15:11 of 2nd period - Snap shot by Nick Schmaltz.
15:11 of 2nd period - Stopped by Jeremy Swayman without a rebound.
15:12 of 2nd period - Tim Stutzle wins face-off versus Kirill Kaprizov in Tampa Bay Lightning zone.
15:29 of 2nd period - Wrist shot by Kirill Kaprizov.
15:29 of 2nd period - Deflect By Claude Giroux.
15:29 of 2nd period - Stopped by Joey Daccord with a rebound.
15:41 of 2nd period - Snap shot by Claude Giroux.
15:41 of 2nd period - Shot Blocked by Vince Dunn.
15:43 of 2nd period - Wrist shot by Michael Matheson.
15:43 of 2nd period - Shot Misses the Net.
15:45 of 2nd period - Snap shot by Claude Giroux.
15:45 of 2nd period - Deflect By Jamie Benn.
15:45 of 2nd period - Stopped by Joey Daccord without a rebound.
15:46 of 2nd period - Kevin Hayes wins face-off versus Anze Kopitar in Colorado Rockies zone.
15:46 of 2nd period - Kevin Hayes is hit by Anze Kopitar.
16:44 of 2nd period - Wrist shot by Michael Matheson.
16:44 of 2nd period - Stopped by Joey Daccord without a rebound.
16:45 of 2nd period - Anze Kopitar wins face-off versus Casey Cizikas in Colorado Rockies zone.
17:34 of 2nd period - Snap shot by Michael Bunting.
17:34 of 2nd period - Stopped by Jeremy Swayman with a rebound.
18:32 of 2nd period - Snap shot by Travis Konecny.
18:32 of 2nd period - Deflect By David Pastrnak.
18:32 of 2nd period - Shot Misses the Net.
18:32 of 2nd period - Puck is out of play.
18:33 of 2nd period - Claude Giroux wins face-off versus Kyle Connor in Colorado Rockies zone.
18:40 of 2nd period - Snap shot by Claude Giroux.
18:40 of 2nd period - Deflect By Kirill Kaprizov.
18:40 of 2nd period - Stopped by Joey Daccord with a rebound.
18:42 of 2nd period - Wrist shot by Claude Giroux.
18:42 of 2nd period - Stopped by Joey Daccord with a rebound.
19:09 of 2nd period - Slapshot by Anze Kopitar.
19:09 of 2nd period - Shot Blocked by Martin Fehervary.
19:11 of 2nd period - Slapshot by Darnell Nurse.
19:11 of 2nd period - Shot Blocked by Darren Raddysh.
19:20 of 2nd period - Off-side.
19:21 of 2nd period - Jason Dickinson wins face-off versus Casey Cizikas in neutral zone.
19:24 of 2nd period - David Pastrnak is hit by Trevor Moore and loses puck.
Goals for this period are 1 for Tampa Bay Lightning vs 3 for Colorado Rockies.
Shots for this period are 11 for Tampa Bay Lightning vs 14 for Colorado Rockies.
3rd period
0:01 of 3rd period - Kevin Hayes wins face-off versus Anze Kopitar in neutral zone.
0:35 of 3rd period - Slapshot by Claude Giroux.
0:35 of 3rd period - Shot Blocked by Martin Fehervary.
0:54 of 3rd period - Wrist shot by Jesper Bratt.
0:54 of 3rd period - Stopped by Jeremy Swayman with a rebound.
0:56 of 3rd period - Wrist shot by Jesper Bratt.
0:56 of 3rd period - Goal by Jesper Bratt - Tampa Bay Lightning : 1 - Colorado Rockies : 5.
0:57 of 3rd period - Anze Kopitar wins face-off versus Elias Pettersson in neutral zone.
1:00 of 3rd period - Wrist shot by Travis Konecny.
1:00 of 3rd period - Shot Blocked by Pavel Dorofeyev.
2:04 of 3rd period - Slapshot by Justin Brazeau.
2:04 of 3rd period - Shot Misses the Net.
2:30 of 3rd period - Snap shot by Travis Konecny.
2:30 of 3rd period - Shot Misses the Net.
2:32 of 3rd period - Wrist shot by Anze Kopitar.
2:32 of 3rd period - Deflect By Travis Konecny.
2:32 of 3rd period - Shot Misses the Net.
2:32 of 3rd period - Puck is out of play.
2:33 of 3rd period - Kevin Hayes wins face-off versus Jamie Benn in Colorado Rockies zone.
2:37 of 3rd period - Darren Raddysh is hit by Kirill Kaprizov and loses puck.
2:48 of 3rd period - Snap shot by Michael Matheson.
2:48 of 3rd period - Shot Blocked by Kyle Connor.
3:25 of 3rd period - Wrist shot by Trevor Moore.
3:25 of 3rd period - Stopped by Joey Daccord with a rebound.
3:27 of 3rd period - Slapshot by Moritz Seider.
3:27 of 3rd period - Deflect By Trevor Moore.
3:27 of 3rd period - Shot Misses the Net.
3:27 of 3rd period - Puck is out of play.
3:28 of 3rd period - Jason Dickinson wins face-off versus Pavel Dorofeyev in Colorado Rockies zone.
4:09 of 3rd period - Danton Heinen is hit by Ben Chiarot.
4:21 of 3rd period - Wrist shot by Roope Hintz.
4:21 of 3rd period - Shot Misses the Net.
4:25 of 3rd period - Wrist shot by Roope Hintz.
4:25 of 3rd period - Shot Misses the Net.
4:27 of 3rd period - Wrist shot by Darnell Nurse.
4:27 of 3rd period - Stopped by Joey Daccord with a rebound.
4:43 of 3rd period - Wrist shot by Kyle Connor.
4:43 of 3rd period - Deflect By Kevin Hayes.
4:43 of 3rd period - Shot Misses the Net.
4:43 of 3rd period - Puck is out of play.
4:44 of 3rd period - Anze Kopitar wins face-off versus Kevin Hayes in Tampa Bay Lightning zone.
4:51 of 3rd period - Snap shot by Anze Kopitar.
4:51 of 3rd period - Stopped by Joey Daccord with a rebound.
4:53 of 3rd period - Snap shot by Anze Kopitar.
4:53 of 3rd period - Shot Misses the Net.
4:55 of 3rd period - Slapshot by Anze Kopitar.
4:55 of 3rd period - Shot Misses the Net.
4:57 of 3rd period - Slapshot by Hampus Lindholm.
4:57 of 3rd period - Deflect By Jonathan Huberdeau.
4:57 of 3rd period - Shot Misses the Net.
4:57 of 3rd period - Puck is out of play.
4:58 of 3rd period - Claude Giroux wins face-off versus Elias Pettersson in Colorado Rockies zone.
4:59 of 3rd period - Snap shot by Kirill Kaprizov.
4:59 of 3rd period - Stopped by Joey Daccord without a rebound.
5:00 of 3rd period - Jamie Benn wins face-off versus Elias Pettersson in Colorado Rockies zone.
5:32 of 3rd period - Minor Penalty to Ben Chiarot for Tripping.
5:33 of 3rd period - Tim Stutzle wins face-off versus Claude Giroux in Tampa Bay Lightning zone.
6:18 of 3rd period - Icing by Nick Schmaltz.
6:19 of 3rd period - Tim Stutzle wins face-off versus Claude Giroux in Colorado Rockies zone.
6:28 of 3rd period - Slapshot by Quinn Hughes.
6:28 of 3rd period - Shot Misses the Net.
6:34 of 3rd period - Snap shot by David Pastrnak.
6:34 of 3rd period - Shot Hit the Post.
6:51 of 3rd period - Jamie Benn is hit by Nick Schmaltz and loses puck.
7:24 of 3rd period - Moritz Seider is hit by Nick Schmaltz and loses puck.
7:32 of 3rd period - Penalty to Ben Chiarot is over, Ben Chiarot is back on ice.
7:39 of 3rd period - Snap shot by Roope Hintz.
7:39 of 3rd period - Shot Misses the Net.
7:41 of 3rd period - Snap shot by Roope Hintz.
7:41 of 3rd period - Deflect By Kyle Connor.
7:41 of 3rd period - Goal by Roope Hintz - Tampa Bay Lightning : 2 - Colorado Rockies : 5.
7:42 of 3rd period - Tim Stutzle wins face-off versus Anze Kopitar in neutral zone.
8:13 of 3rd period - Snap shot by Kyle Connor.
8:13 of 3rd period - Shot Blocked by Darnell Nurse.
8:15 of 3rd period - Slapshot by Vince Dunn.
8:15 of 3rd period - Stopped by Jeremy Swayman without a rebound.
8:16 of 3rd period - Jamie Benn wins face-off versus Kevin Hayes in Tampa Bay Lightning zone.
8:29 of 3rd period - Snap shot by Claude Giroux.
8:29 of 3rd period - Shot Blocked by Quinn Hughes.
9:19 of 3rd period - Snap shot by Elias Pettersson.
9:19 of 3rd period - Shot Misses the Net.
9:41 of 3rd period - Slapshot by Justin Brazeau.
9:41 of 3rd period - Stopped by Joey Daccord with a rebound.
9:51 of 3rd period - Wrist shot by Nick Schmaltz.
9:51 of 3rd period - Shot Misses the Net.
9:53 of 3rd period - Backhand shot by Pavel Dorofeyev.
9:53 of 3rd period - Goal by Pavel Dorofeyev - Tampa Bay Lightning : 2 - Colorado Rockies : 6.
9:54 of 3rd period - Casey Cizikas wins face-off versus Jamie Benn in neutral zone.
10:07 of 3rd period - Slapshot by Andrew Peeke.
10:07 of 3rd period - Stopped by Jeremy Swayman without a rebound.
10:08 of 3rd period - Roope Hintz wins face-off versus Tim Stutzle in Tampa Bay Lightning zone.
10:31 of 3rd period - Icing by Darnell Nurse.
10:32 of 3rd period - Anze Kopitar wins face-off versus Casey Cizikas in Tampa Bay Lightning zone.
10:37 of 3rd period - Slapshot by Michael Matheson.
10:37 of 3rd period - Stopped by Joey Daccord without a rebound.
10:38 of 3rd period - Anze Kopitar wins face-off versus Casey Cizikas in Colorado Rockies zone.
10:45 of 3rd period - Wrist shot by Travis Konecny.
10:45 of 3rd period - Shot Misses the Net.
11:01 of 3rd period - Snap shot by Jonathan Huberdeau.
11:01 of 3rd period - Stopped by Joey Daccord without a rebound.
11:02 of 3rd period - Tim Stutzle wins face-off versus Jamie Benn in Colorado Rockies zone.
11:34 of 3rd period - Off-side.
11:35 of 3rd period - Elias Pettersson wins face-off versus Roope Hintz in neutral zone.
11:42 of 3rd period - Slapshot by Nick Schmaltz.
11:42 of 3rd period - Shot Misses the Net.
11:44 of 3rd period - Wrist shot by Elias Pettersson.
11:44 of 3rd period - Shot Misses the Net.
11:46 of 3rd period - Snap shot by Elias Pettersson.
11:46 of 3rd period - Deflect By Roope Hintz.
11:46 of 3rd period - Shot Misses the Net.
11:46 of 3rd period - Puck is out of play.
11:47 of 3rd period - Jamie Benn wins face-off versus Tim Stutzle in Tampa Bay Lightning zone.
12:12 of 3rd period - Martin Fehervary is hit by Travis Konecny and loses puck.
13:27 of 3rd period - Tim Stutzle is hit by Moritz Seider and loses puck.
14:40 of 3rd period - Darnell Nurse is hit by Casey Cizikas and loses puck.
15:03 of 3rd period - Wrist shot by Justin Brazeau.
15:03 of 3rd period - Shot Blocked by Vince Dunn.
15:05 of 3rd period - Slapshot by Moritz Seider.
15:05 of 3rd period - Shot Misses the Net.
15:07 of 3rd period - Slapshot by Hampus Lindholm.
15:07 of 3rd period - Shot Blocked by Vince Dunn.
15:09 of 3rd period - Slapshot by Vincent Desharnais.
15:09 of 3rd period - Shot Blocked by Philipp Kurashev.
15:11 of 3rd period - Snap shot by Hampus Lindholm.
15:11 of 3rd period - Shot Misses the Net.
15:13 of 3rd period - Slapshot by Hampus Lindholm.
15:13 of 3rd period - Shot Misses the Net.
15:33 of 3rd period - Slapshot by Elias Pettersson.
15:33 of 3rd period - Stopped by Jeremy Swayman with a rebound.
15:35 of 3rd period - Slapshot by Vince Dunn.
15:35 of 3rd period - Deflect By Nick Schmaltz.
15:35 of 3rd period - Shot Misses the Net.
15:35 of 3rd period - Puck is out of play.
15:36 of 3rd period - Jamie Benn wins face-off versus Kevin Hayes in Tampa Bay Lightning zone.
15:43 of 3rd period - Slapshot by Moritz Seider.
15:43 of 3rd period - Stopped by Joey Daccord without a rebound.
15:44 of 3rd period - Kevin Hayes wins face-off versus Jamie Benn in Colorado Rockies zone.
16:22 of 3rd period - Minor Penalty to Jamie Benn for Delaying the game.
16:23 of 3rd period - Elias Pettersson wins face-off versus Anze Kopitar in Tampa Bay Lightning zone.
16:26 of 3rd period - Wrist shot by Jesper Bratt.
16:26 of 3rd period - Shot Blocked by Hampus Lindholm.
16:28 of 3rd period - Backhand shot by Jesper Bratt.
16:28 of 3rd period - Shot Blocked by Moritz Seider.
16:30 of 3rd period - Slapshot by Quinn Hughes.
16:30 of 3rd period - Shot Misses the Net.
17:54 of 3rd period - Snap shot by Kirill Kaprizov.
17:54 of 3rd period - Deflect By Jason Dickinson.
17:54 of 3rd period - Goal by Jason Dickinson - Tampa Bay Lightning : 3 - Colorado Rockies : 6.
17:55 of 3rd period - Claude Giroux wins face-off versus Tim Stutzle in neutral zone.
18:20 of 3rd period - Ben Chiarot is hit by Jesper Bratt and loses puck.
18:22 of 3rd period - Penalty to Jamie Benn is over, Jamie Benn is back on ice.
18:25 of 3rd period - Wrist shot by Elias Pettersson.
18:25 of 3rd period - Stopped by Jeremy Swayman with a rebound.
18:41 of 3rd period - Snap shot by Roope Hintz.
18:41 of 3rd period - Stopped by Joey Daccord without a rebound.
18:42 of 3rd period - Roope Hintz wins face-off versus David Pastrnak in Colorado Rockies zone.
18:47 of 3rd period - Snap shot by Filip Forsberg.
18:47 of 3rd period - Shot Misses the Net.
19:33 of 3rd period - Moritz Seider is hit by Andrew Peeke and loses puck.
19:40 of 3rd period - Snap shot by Elias Pettersson.
19:40 of 3rd period - Shot Blocked by Travis Konecny.
19:42 of 3rd period - Snap shot by Pavel Dorofeyev.
19:42 of 3rd period - Stopped by Jeremy Swayman without a rebound.
19:43 of 3rd period - Roope Hintz wins face-off versus Tim Stutzle in Tampa Bay Lightning zone.
19:56 of 3rd period - Slapshot by Tim Stutzle.
19:56 of 3rd period - Stopped by Jeremy Swayman with a rebound.
Goals for this period are 2 for Tampa Bay Lightning vs 2 for Colorado Rockies.
Shots for this period are 11 for Tampa Bay Lightning vs 9 for Colorado Rockies.
Back to the Top